 Dungeon Crawl Stone Soup version 0.21.1-1-g345015f (webtiles) character file.

366 VLARC the Shooter (level 6, -7/40 HPs)
             Began as a Tengu Hunter on Mar 29, 2018.
             Killed by divine providence
             ... invoked by an orc priest
              (13 damage)
             ... on level 4 of the Dungeon.
             The game lasted 00:09:11 (2349 turns).

VLARC the Shooter (Tengu Hunter)                    Turns: 2349, Time: 00:09:13

Health: -7/40      AC:  5    Str: 13      XL:     6   Next: 68%
Magic:  0/7        EV: 16    Int: 12      God:
Gold:   138        SH:  0    Dex: 13 (15) Spells: 5/5 levels left

rFire    . . .     SeeInvis .   b - +1 whip (elec)
rCold    . . .     Gourm    .   (no shield)
rNeg     . . .     Faith    .   g - +0 ring mail
rPois    .         Spirit   +   (helmet restricted)
rElec    .         Reflect  .   (no cloak)
rCorr    .         Harm     .   (no gloves)
MR       .....                  (boots unavailable)
Stlth    +.........             s - amulet of guardian spirit
HPRegen  0.13/turn              l - +5 ring of evasion
MPRegen  0.10/turn              (no ring)

@: no status effects
A: beak, talons 3, able to fly 1
a: Fly


You were on level 4 of the Dungeon.
You were hungry.

You visited 1 branch of the dungeon, and saw 4 of its levels.

You collected 138 gold pieces.

Inventory:

Hand Weapons
 a - a +1 shortbow
 b - a +1 whip of electrocution (weapon)
Missiles
 d - 16 arrows
Armour
 c - a +0 leather armour
 g - a +0 ring mail (worn)
 n - a +2 plate armour of cold resistance
Jewellery
 l - a +5 ring of evasion (left hand)
 r - an uncursed amulet of harm {unknown}
 s - an amulet of guardian spirit (around neck)
Scrolls
 e - 4 scrolls of identify
 k - a scroll of teleportation
 m - a scroll of amnesia
 o - a scroll of enchant weapon
Potions
 i - a potion of heal wounds
 j - a potion of degeneration
Comestibles
 f - 6 rations


   Skills:
 + Level 5.0 Fighting
 + Level 3.3 Maces & Flails
 - Level 5.7 Bows
 - Level 2.1 Dodging
 - Level 1.0 Stealth


You had 5 spell levels left.
You didn't know any spells.

Dungeon Overview and Level Annotations

Branches:
Dungeon (4/15)
 Temple: D:4-7

Altars:

Annotations:
D:1 osom vault
D:3 Ratty's ghost, amateur CeMo
D:4 Sigmund


Innate Abilities, Weirdness & Mutations

You have a beak for a mouth.
You have claws for feet.
You can fly.


Message History

The orc priest calls down the wrath of Beogh upon you.
Pain shoots through your body!
* * * LOW HITPOINT WARNING * * *
You closely miss the orc priest.
You hit the orc priest but do no damage.
You peck the orc priest, but do no damage.
The orc priest hits you with a dagger.
* * * LOW HITPOINT WARNING * * *
You barely miss the orc priest. You claw the orc priest.
Your peck misses the orc priest.
The orc priest is lightly wounded.
The orc barely misses you. The orc priest hits you with a dagger.
* * * LOW HITPOINT WARNING * * *
You closely miss the orc priest. You claw the orc priest.
You peck the orc priest.
The orc priest is moderately wounded.
The orc hits you but does no damage.
The orc priest invokes the aid of Beogh against you.
Beogh smites you!
You die...

,,,,,,,,,,,..............,******
,,,********......((......,,,,,,*
,,,* *.)o............>,,*,**
**,** *.......(......#**,,,,*
*,,* **,..o.)(.....#* ******
***,* **,,........#* ≈≈,,*
****#.(##..# ≈≈,,* ###o....(#
####### ≈≈,** #.@o.....# ##.....#
**** #........###..$.... ,,,*
#.>......##........ **,*
#.......)).....<... **+*******
#######.)#)........ ,,,,,,,,,*
#.(##........
,,,,,,,,,#############(##........
,,,,,,,,,#....†....).)...(.......
,,*,,,,,,#.#########.............


You could see an orc priest and an orc.

Vanquished Creatures
  A phantom (D:4)
  2 orc priests (D:4)
  3 orc wizards
  3 gnolls (D:4)
  3 adders
  A worm (D:3)
  A dart slug (D:1)
  A leopard gecko (D:2)
  9 orcs
  5 bats
  3 giant cockroaches
  10 goblins
  13 hobgoblins
  4 jackals
  4 kobolds
  A quokka (D:2)
  7 frilled lizards
  2 rats
73 creatures vanquished.

Notes
Turn   | Place    | Note
-------+----------+-------------------------------------------
     0 | D:1      | VLARC the Tengu Hunter began the quest for the Orb.
     0 | D:1      | Reached XP level 1. HP: 12/12 MP: 2/2
     0 | D:1      | Noticed an iron dragon
     0 | D:1      | Noticed a large abomination
     3 | D:1      | Noticed an orb of fire
     6 | D:1      | Noticed a tentacled monstrosity
     8 | D:1      | Noticed an ice dragon
    10 | D:1      | Noticed a shadow dragon
    12 | D:1      | Noticed a shadow dragon
    13 | D:1      | Noticed a shadow dragon
    14 | D:1      | Noticed a tentacled monstrosity
    14 | D:1      | Noticed an iron dragon
    16 | D:1      | Noticed an iron dragon
    18 | D:1      | Noticed a tentacled monstrosity
   113 | D:1      | Reached XP level 2. HP: 18/18 MP: 3/3
   607 | D:1      | Reached XP level 3. HP: 22/22 MP: 4/4
   808 | D:1      | You fall through a shaft!
   843 | D:2      | Reached skill level 5 in Bows
  1395 | D:2      | Found a faded altar of an unknown god.
  1561 | D:3      | Reached XP level 4. HP: 28/28 MP: 5/5
  1932 | D:3      | Gained mutation: You can fly. [Tengu growth]
  1932 | D:3      | Reached XP level 5. HP: 33/33 MP: 6/6
  1976 | D:3      | Noticed Ratty's ghost (amateur CeMo)
  2087 | D:4      | Noticed Sigmund
  2184 | D:4      | Reached skill level 1 in Maces & Flails
  2254 | D:4      | Noticed a phantom
  2284 | D:4      | Killed a phantom
  2284 | D:4      | Reached XP level 6. HP: 28/39 MP: 4/7
  2327 | D:4      | Reached skill level 5 in Fighting
  2349 | D:4      | Killed from afar by an orc priest

Skill      XL: |  1  2  3  4  5  6 |
---------------+-------------------+-----
Bows           | 5 |  5.7
Fighting       | 3 4 5 |  5.0
Maces & Flails | 2 3 |  3.3
Dodging        | |  2.1
Stealth        | |  1.0

Action                   |  1- 3 |  4- 6 || total
-------------------------+-------+-------++-------
Melee: Whip              |    47 |    90 ||   137
       Kick              |     9 |    18 ||    27
       Peck              |     4 |    17 ||    21
 Fire: Shortbow          |    47 |    25 ||    72
  Use: Scroll            |     2 |     7 ||     9
       Potion            |       |     4 ||     4
 Stab: Sleeping          |     1 |       ||     1
  Eat: Chunk             |     1 |     3 ||     4
Armor: Ring mail         |     8 |    26 ||    34
       Skin              |       |    28 ||    28
Dodge: Dodged            |    41 |    99 ||   140
